[Event "November 21 Late 2023"]
[Site "https://www.chess.com"]
[Date "2023.11.21"]
[Round "8"]
[White "Burke, Paul"]
[Black "Manfroi, Alexander Giannini"]
[Result "1-0"]
[Board "126"]
[TimeControl "180+1"]
[WhiteFideId "2605767"]
[BlackFideId "22739335"]
[WhiteElo "1847"]
[BlackElo "1618"]
[WhiteTeam "CAN"]
[BlackTeam "BRA"]
[WhiteClock "0:00:29"]
[BlackClock "0:00:17"]

1. e4 e5 2. Nf3 Nc6 3. Bc4 Nf6 4. d4 exd4 5. O-O d6 6. c3 Bg4 7. Qb3 Na5 8. Bxf7+ Ke7 9. Qa4 Kxf7 10. Qxa5 Bxf3 11. gxf3 dxc3 12. Nxc3 Qd7 13. Qg5 h6 14. Qg2 g5 15. Be3 c6 16. Rad1 Rd8 17. e5 Nd5 18. Nxd5 cxd5 19. Rxd5 Qe6 20. Rfd1 Be7 21. exd6 Bxd6 22. R5d2 Be7 23. Rxd8 Rxd8 24. Rxd8 Bxd8 25. Qg4 Qxa2 26. Qf5+ Ke8 27. Qe5+ Kd7 28. Qd4+ Kc6 29. Qxa7 Qxa7 30. Bxa7 b6 31. Bb8 Bc7 32. Bxc7 Kxc7 33. h4 Kd6 34. hxg5 hxg5 35. Kg2 Ke5 36. Kg3 Kf5 37. b3 Kg6 38. Kg4 Kf6 39. b4 b5 40. f4 gxf4 41. Kxf4 Ke6 42. Ke4 Kd6 43. f4 Ke6 44. f5+ Kf6 45. Kf4 Kf7 46. Ke5 Ke7 47. f6+ Kf8 48. Ke6 Ke8 49. Kd6 Kf7 50. Kc5 Kxf6 51. Kxb5 Ke7 52. Ka6 Kd8 53. Ka7 Kc7 54. b5 Kc8 55. b6 Kd7 56. b7 Kc6 57. b8=Q Kd7 58. Qb4 Kc6 59. Ka6 Kc7 60. Qb5 Kc8 61. Qb6 Kd7 62. Qc5 Kd8 63. Kb7 Kd7 64. Qd4+ Ke8 65. Kc7 Ke7 66. Qd5 Kf6 67. Kd7 Kg7 68. Qf5 Kg8 69. Ke7 Kg7 70. Qg4+ Kh6 71. Kf6 Kh7 72. Qg7# 1-0

[Event "November 21 Late 2023"]
[Site "https://www.chess.com"]
[Date "2023.11.21"]
[Round "9"]
[White "Le, Quang Liem"]
[Black "Carlsen, Magnus"]
[Result "0-1"]
[Board "1"]
[TimeControl "180+1"]
[WhiteFideId "12401137"]
[BlackFideId "1503014"]
[WhiteElo "2665"]
[BlackElo "2887"]
[WhiteTeam "VIE"]
[BlackTeam "NOR"]
[WhiteClock "0:00:03"]
[BlackClock "0:01:36"]

1. Nf3 b6 2. g3 Bb7 3. Bg2 g6 4. O-O Bg7 5. d4 Nf6 6. c4 O-O 7. d5 Na6 8. Nc3 Nc5 9. Be3 e6 10. Bd4 exd5 11. cxd5 Re8 12. Nd2 a5 13. Re1 d6 14. a4 Ba6 15. Qc2 Nxd5 16. Bxc5 Nxc3 17. bxc3 dxc5 18. Bxa8 Qxa8 19. Nf1 Qe4 20. Qb2 Qc4 21. Ra3 h5 22. Ne3 Rxe3 23. fxe3 Qe4 24. Rf1 Qxe3+ 25. Rf2 Bb7 26. Qc2 c4 27. Qd1 Bf8 28. Qd8 Qc1+ 29. Rf1 Qxa3 30. Qxc7 Qc5+ 0-1

[Event "November 21 Late 2023"]
[Site "https://www.chess.com"]
[Date "2023.11.21"]
[Round "9"]
[White "Theodorou, Nikolas"]
[Black "Nihal Sarin"]
[Result "1-0"]
[Board "2"]
[TimeControl "180+1"]
[WhiteFideId "4262875"]
[BlackFideId "25092340"]
[WhiteElo "2525"]
[BlackElo "2689"]
[WhiteTeam "GRE"]
[BlackTeam "IND"]
[WhiteClock "0:00:14"]
[BlackClock "0:00:09"]

1. Nf3 d5 2. b3 Bf5 3. Bb2 e6 4. g3 Nf6 5. Bg2 h6 6. O-O Be7 7. d3 O-O 8. Nc3 a5 9. e4 Bh7 10. Qe2 c6 11. Kh1 Na6 12. a3 b5 13. Ne5 Qc7 14. exd5 exd5 15. f4 Rfe8 16. Rae1 Nc5 17. Nd1 Bd6 18. Nf2 Re7 19. Nfg4 Nxg4 20. Qxg4 f6 21. Ng6 Ree8 22. h4 Qd7 23. f5 Rxe1 24. Rxe1 Re8 25. Rxe8+ Qxe8 26. Kh2 Nd7 27. h5 Qe1 28. Qf3 Ne5 29. Bxe5 Bxe5 30. Qxd5+ 1-0

[Event "November 21 Late 2023"]
[Site "https://www.chess.com"]
[Date "2023.11.21"]
[Round "9"]
[White "Bortnyk, Olexandr"]
[Black "Erigaisi Arjun"]
[Result "1/2-1/2"]
[Board "3"]
[TimeControl "180+1"]
[WhiteFideId "14120828"]
[BlackFideId "35009192"]
[WhiteElo "2725"]
[BlackElo "2729"]
[WhiteTeam "UKR"]
[BlackTeam "IND"]
[WhiteClock "0:00:02"]
[BlackClock "0:00:04"]

1. d4 e6 2. g3 c5 3. c3 Nc6 4. Bg2 d5 5. Nf3 Nf6 6. O-O Be7 7. Re1 O-O 8. a3 b6 9. b4 Bb7 10. Bf4 Rc8 11. Nbd2 cxd4 12. cxd4 Ne4 13. Qb3 g5 14. Be3 g4 15. Ne5 Nxd2 16. Bxd2 Nxd4 17. Qb2 Nc2 18. Nxg4 f6 19. Bh3 Nxa1 20. Rxa1 Kh8 21. Bh6 Rg8 22. Rd1 Rg6 23. Bf4 h5 24. Nh6 Qd7 25. Qb1 Kg7 26. Nf5+ exf5 27. Bxf5 Qe8 28. e4 Rd8 29. exd5 Bd6 30. Re1 Be5 31. Bxe5 fxe5 32. f4 Rxd5 33. Be4 Rd7 34. Bxg6 Qxg6 35. Qb2 Qf6 36. Rxe5 Kf7 37. Qb3+ Kf8 38. Qc2 Qd6 39. Qf5+ Rf7 40. Qxh5 Qd4+ 41. Kf1 Qd3+ 42. Kf2 Qd2+ 43. Kf1 Qg2+ 44. Ke1 Qg1+ 45. Ke2 Ba6+ 46. b5 Qg2+ 47. Ke1 Qg1+ 48. Ke2 Qg2+ 49. Ke1 Qg1+ 50. Ke2 1/2-1/2

[Event "November 21 Late 2023"]
[Site "https://www.chess.com"]
[Date "2023.11.21"]
[Round "9"]
[White "Xiong, Jeffery"]
[Black "Szpar, Milosz"]
[Result "0-1"]
[Board "4"]
[TimeControl "180+1"]
[WhiteFideId "2047640"]
[BlackFideId "1184989"]
[WhiteElo "2726"]
[BlackElo "2446"]
[WhiteTeam "USA"]
[BlackTeam "POL"]
[WhiteClock "0:00:14"]
[BlackClock "0:00:07"]

1. e4 e6 2. d4 d5 3. exd5 exd5 4. Nf3 Nf6 5. Bd3 c5 6. O-O c4 7. Re1+ Be7 8. Bf1 O-O 9. b3 cxb3 10. axb3 Nc6 11. c3 Ne4 12. Bd3 Bf5 13. Bb2 Bd6 14. Bxe4 dxe4 15. Nfd2 Qh4 16. Nf1 Rfe8 17. Nbd2 Rad8 18. Nc4 Bb8 19. Nce3 Bg6 20. Qe2 f5 21. g3 Qh3 22. Qb5 f4 23. gxf4 Bxf4 24. Ng2 Rf8 25. Qxb7 Bh5 26. Rxa7 Nxa7 27. Qxe4 Bf3 28. Qe6+ Qxe6 29. Rxe6 Bg5 30. h4 Bf6 31. Re3 Bxg2 32. Kxg2 Bxh4 33. Ng3 Rde8 34. c4 Bxg3 35. Kxg3 Rxe3+ 36. fxe3 Rb8 37. d5 Rxb3 38. Bd4 Nc8 39. Kf4 Kf7 40. e4 Rb4 41. e5 Rxc4 42. Ke3 Rxd4 43. Kxd4 Ke7 44. Kc5 h5 45. Kc6 Kd8 0-1

[Event "November 21 Late 2023"]
[Site "https://www.chess.com"]
[Date "2023.11.21"]
[Round "9"]
[White "Bortnyk, Mykola"]
[Black "Nakamura, Hikaru"]
[Result "1-0"]
[Board "5"]
[TimeControl "180+1"]
[WhiteFideId "14120836"]
[BlackFideId "2016192"]
[WhiteElo "2592"]
[BlackElo "2874"]
[WhiteTeam "UKR"]
[BlackTeam "USA"]
[WhiteClock "0:00:12"]
[BlackClock "0:00:07"]

1. e4 a6 2. d4 e6 3. Nf3 b5 4. Bd3 c5 5. c3 Bb7 6. O-O d6 7. Re1 Nd7 8. a4 bxa4 9. Qxa4 Ne7 10. Bg5 Qc7 11. Nbd2 Ng6 12. Nc4 h6 13. Bd2 Be7 14. Na5 Bc8 15. e5 O-O 16. Nc6 Bb7 17. Nxe7+ Nxe7 18. exd6 Qxd6 19. Be4 Bxe4 20. Rxe4 Rfd8 21. Bf4 Qb6 22. Re2 Nf5 23. dxc5 Nxc5 24. Qc2 Nd3 25. Bg3 Rac8 26. Rd2 Nc5 27. Rad1 Rxd2 28. Rxd2 a5 29. Be5 Qb7 30. h3 Ne7 31. Qd1 Nc6 32. Bf4 a4 33. Ne5 Nxe5 34. Bxe5 f6 35. Bf4 e5 36. Be3 Nb3 37. Rd7 Qe4 38. Qh5 Qh7 39. Qf7+ Kh8 40. Ra7 f5 41. Rxa4 f4 42. Qxb3 fxe3 43. fxe3 Qd3 44. Qe6 Qxe3+ 45. Kh2 Rb8 46. Rg4 h5 47. Rg3 Qf4 48. Qg6 Qh6 49. Qxh6+ gxh6 50. b4 e4 51. Re3 Rc8 52. Kg3 Kg7 53. Kf4 Rc4 54. Ke5 Kg6 55. Kd5 Rc8 56. Kxe4 Kg5 57. Kd3 Kf4 58. g3+ Kf5 59. c4 h4 60. gxh4 Ra8 61. Kd4 Kf4 62. Rb3 Rd8+ 63. Kc5 Rc8+ 64. Kd5 Rd8+ 65. Ke6 1-0

[Event "November 21 Late 2023"]
[Site "https://www.chess.com"]
[Date "2023.11.21"]
[Round "9"]
[White "Andreikin, Dmitry"]
[Black "Chigaev, Maksim"]
[Result "1-0"]
[Board "6"]
[TimeControl "180+1"]
[WhiteFideId "4158814"]
[BlackFideId "4108116"]
[WhiteElo "2741"]
[BlackElo "2561"]
[WhiteTeam "FID"]
[BlackTeam "ESP"]
[WhiteClock "0:00:44"]
[BlackClock "0:00:01"]

1. c4 g6 2. d4 Nf6 3. Nc3 Bg7 4. e4 d6 5. h3 e5 6. d5 a5 7. Bd3 Na6 8. Nge2 Bd7 9. Be3 h5 10. Qd2 Nc5 11. Bc2 b6 12. O-O Qe7 13. b3 O-O 14. a3 Nh7 15. b4 Nb7 16. Rae1 h4 17. Nb5 Bxb5 18. cxb5 axb4 19. axb4 f5 20. exf5 gxf5 21. f4 e4 22. Nd4 Bxd4 23. Bxd4 Kf7 24. Qd1 Nf6 25. Re3 Rg8 26. Rc3 Rg6 27. Rf2 Rag8 28. Qc1 Ne8 29. Bd1 Rh6 30. Rfc2 Nc5 31. bxc5 bxc5 32. Be3 Nf6 33. Ra2 Kg6 34. Bb3 Rb8 35. Bc4 Nd7 36. Ra7 Nb6 37. Bb3 Rh7 38. Rc2 Rg7 39. Bd2 Kh6 40. Ba5 e3 41. Re2 Qe4 42. Rxc7 Rxc7 43. Rxe3 Qd4 44. Bc3 1-0

[Event "November 21 Late 2023"]
[Site "https://www.chess.com"]
[Date "2023.11.21"]
[Round "9"]
[White "Grischuk, Alexander"]
[Black "Kamsky, Gata"]
[Result "1/2-1/2"]
[Board "7"]
[TimeControl "180+1"]
[WhiteFideId "4126025"]
[BlackFideId "2000024"]
[WhiteElo "2699"]
[BlackElo "2660"]
[WhiteTeam "RUS"]
[BlackTeam "USA"]
[WhiteClock "0:00:06"]
[BlackClock "0:00:07"]

1. d4 d5 2. Nf3 Nf6 3. Bg5 Ne4 4. Bh4 Bf5 5. e3 c6 6. c4 Qa5+ 7. Nbd2 e6 8. a3 Nd7 9. Be2 Bd6 10. O-O O-O 11. Nxe4 dxe4 12. Nd2 Qc7 13. Bg3 Bxg3 14. hxg3 e5 15. Qb3 c5 16. d5 Nf6 17. Qc3 h5 18. Rfc1 g6 19. b4 b6 20. a4 Kg7 21. a5 Rab8 22. axb6 axb6 23. Nb3 Nd7 24. Ra6 cxb4 25. Qxb4 Bg4 26. Bf1 Rh8 27. Rca1 h4 28. Ra7 Qd8 29. Nd2 hxg3 30. fxg3 Qg5 31. Kf2 Qf6+ 32. Ke1 Qg5 33. Kf2 Nc5 34. Rc7 Qf6+ 35. Ke1 Rh1 36. Rxc5 Qg5 37. Ra3 Bf5 38. Kf2 Qf6 39. Rc6 Qg5 40. Qd6 Re8 41. Rxb6 Bg4 42. Qf6+ Qxf6+ 43. Rxf6 Kxf6 44. Nxe4+ Kg7 45. c5 Rb8 46. Ra2 Rb1 47. Bd3 Rbd1 48. Bc4 Rc1 49. Be2 Bxe2 50. Kxe2 f5 51. Nf2 Rhe1+ 52. Kd2 Rf1 53. Nd3 Rc4 54. Nxe5 Rxc5 55. Ra7+ Kh6 56. Nf7+ Kh5 57. d6 Rd5+ 58. Ke2 Rfd1 59. Kf3 Rxd6 60. Nxd6 Rxd6 61. Ra3 Kg5 62. Ra4 Re6 63. g4 fxg4+ 64. Rxg4+ Kh5 65. Re4 Rf6+ 66. Kg3 g5 67. Re5 Rf1 68. e4 Re1 69. Kf3 Rf1+ 70. Kg3 Re1 71. Re6 Re3+ 72. Kf2 Rc3 73. Re8 Kg4 74. Rf8 Rc2+ 75. Kg1 Re2 76. Rf3 Rxe4 77. Kh2 Rf4 78. Rg3+ Kh4 79. Ra3 Kg4 80. Rg3+ Kh4 81. Ra3 Kg4 82. Rg3+ 1/2-1/2

[Event "November 21 Late 2023"]
[Site "https://www.chess.com"]
[Date "2023.11.21"]
[Round "9"]
[White "Rustemov, Alexander"]
[Black "Muradli, Mahammad"]
[Result "1-0"]
[Board "8"]
[TimeControl "180+1"]
[WhiteFideId "4119002"]
[BlackFideId "13409301"]
[WhiteElo "2865"]
[BlackElo "2551"]
[WhiteTeam "RUS"]
[BlackTeam "AZE"]
[WhiteClock "0:00:14"]
[BlackClock "0:00:00"]

1. d4 Nf6 2. Nf3 g6 3. c4 Bg7 4. g3 c5 5. Bg2 O-O 6. O-O Nc6 7. Nc3 d6 8. dxc5 dxc5 9. Bf4 Bd7 10. Ne5 Nxe5 11. Bxe5 Qc8 12. Qb3 Bc6 13. Rfd1 Bxg2 14. Kxg2 Qc6+ 15. Kg1 Rfd8 16. Qb5 Qe6 17. Bf4 b6 18. Qa6 Qh3 19. Qb7 Ng4 20. Qg2 Qxg2+ 21. Kxg2 Bxc3 22. bxc3 Nf6 23. Bg5 Ne4 24. Bxe7 Rxd1 25. Rxd1 Nxc3 26. Rd2 f5 27. Rd7 Nxa2 28. Bf6 a5 29. Rg7+ Kf8 30. Rxh7 Ra6 31. Kf3 a4 32. Kf4 Nb4 33. Kg5 a3 34. Kxg6 Ke8 35. Re7+ Kd8 36. Ra7+ Ke8 37. Rxa6 Nxa6 38. h4 Nc7 39. h5 Ne6 40. h6 Nf8+ 41. Kg7 Ne6+ 42. Kg8 Nd4 43. h7 a2 44. h8=Q a1=Q 45. Kg7+ Kd7 46. Qd8+ Kc6 47. Qc8+ Kd6 48. Qd8+ Kc6 49. Qd5+ Kc7 50. Be5+ Kc8 51. Kg6 Qb2 52. Bxd4 cxd4 53. Qe6+ Kb7 54. Kxf5 Ka6 55. Qe4 Qc3 56. Qd3 Qa5+ 57. Kf4 Qc5 58. g4 Qd6+ 59. Kf3 Qf8+ 60. Kg3 Qd6+ 61. f4 Ka5 62. g5 Kb4 63. g6 Kc5 64. Kg4 Qe6+ 65. f5 Qe5 66. Qf3 Kxc4 67. Qc6+ Kb3 68. Qe6+ Qxe6 69. fxe6 1-0

[Event "November 21 Late 2023"]
[Site "https://www.chess.com"]
[Date "2023.11.21"]
[Round "9"]
[White "Beerdsen, Thomas"]
[Black "Deac, Bogdan-Daniel"]
[Result "0-1"]
[Board "9"]
[TimeControl "180+1"]
[WhiteFideId "1030108"]
[BlackFideId "1226380"]
[WhiteElo "2550"]
[BlackElo "2641"]
[WhiteTeam "NED"]
[BlackTeam "ROU"]
[WhiteClock "0:00:20"]
[BlackClock "0:00:07"]

1. e4 e5 2. d4 exd4 3. Qxd4 Nc6 4. Qd3 Nf6 5. Nc3 Bc5 6. Bf4 d6 7. f3 Be6 8. a3 a6 9. O-O-O b5 10. Nd5 Bxd5 11. exd5 Ne5 12. Bxe5 dxe5 13. Ne2 b4 14. axb4 Bxb4 15. Ng3 O-O 16. Nf5 g6 17. Ne3 Re8 18. Qc4 Rb8 19. Bd3 Qd6 20. Ng4 Nxg4 21. Qxg4 Qb6 22. Bc4 a5 23. Bb3 a4 24. Bxa4 Qa5 25. c3 Qxa4 26. cxb4 Rxb4 27. Qg5 Qa1+ 28. Kd2 Rxb2+ 29. Ke3 Qa7+ 30. Ke4 f5+ 31. Kd3 Qa3+ 32. Kc4 Qb3+ 33. Kc5 Qb5# 0-1

[Event "November 21 Late 2023"]
[Site "https://www.chess.com"]
[Date "2023.11.21"]
[Round "9"]
[White "Eljanov, Pavel"]
[Black "Paravyan, David"]
[Result "1-0"]
[Board "10"]
[TimeControl "180+1"]
[WhiteFideId "14102951"]
[BlackFideId "4194985"]
[WhiteElo "2598"]
[BlackElo "2566"]
[WhiteTeam "UKR"]
[BlackTeam "FID"]
[WhiteClock "0:00:02"]
[BlackClock "0:00:00"]

1. Nf3 d5 2. g3 c5 3. Bg2 Nf6 4. O-O g6 5. c4 Bg7 6. Qa4+ Nc6 7. Ne5 Qd6 8. cxd5 Nxd5 9. Nc4 Qd8 10. Nc3 e6 11. Ne3 O-O 12. Nexd5 exd5 13. Nxd5 Nd4 14. e3 Bd7 15. Qd1 Bc6 16. exd4 Bxd5 17. dxc5 Rc8 18. d3 Bxg2 19. Kxg2 Rxc5 20. Be3 Rd5 21. Qb3 b6 22. Rfd1 Qd7 23. Rac1 h5 24. h4 Rb5 25. Qa4 Qd5+ 26. Qe4 Bxb2 27. Rc7 Qxa2 28. Rd2 Qa3 29. d4 Rf5 30. d5 Be5 31. Rc6 Qe7 32. Bg5 Qd7 33. d6 f6 34. Bh6 Rd8 35. Rc7 Qe6 36. Qb7 1-0

[Event "November 21 Late 2023"]
[Site "https://www.chess.com"]
[Date "2023.11.21"]
[Round "9"]
[White "Vasquez Schroeder, Rodrigo"]
[Black "Matlakov, Maxim"]
[Result "0-1"]
[Board "11"]
[TimeControl "180+1"]
[WhiteFideId "3400042"]
[BlackFideId "4168003"]
[WhiteElo "2582"]
[BlackElo "2638"]
[WhiteTeam "CHI"]
[BlackTeam "RUS"]
[WhiteClock "0:00:04"]
[BlackClock "0:00:05"]

1. e4 c5 2. Nf3 e6 3. d4 cxd4 4. Nxd4 Nc6 5. Nb5 d6 6. c4 Nf6 7. N1c3 a6 8. Na3 Be7 9. Be2 O-O 10. O-O b6 11. Be3 Bb7 12. Rc1 Ne5 13. f3 Rc8 14. Qd2 Qc7 15. Rfd1 Kh8 16. Kh1 h6 17. Bf1 g5 18. Na4 Nfd7 19. Qf2 Nc5 20. Nc3 Rg8 21. b4 Ncd7 22. Na4 g4 23. Nxb6 gxf3 24. Nxc8 Bxe4 25. g3 Qxc8 26. h3 Nf6 27. Bd4 Qb8 28. b5 Bf5 29. g4 Ne4 30. Qxf3 Bf6 31. Qb3 Qa8 32. Bg2 Bxg4 33. Re1 Bf5 34. Qe3 Bg5 35. Bxe5+ dxe5 36. Bxe4 Bxe3 37. Bxa8 Bxc1 38. Rxc1 Rxa8 39. b6 Rg8 40. Kh2 Be4 41. Rg1 Rd8 42. Kg3 f5 43. Kf2 Rd2+ 44. Ke1 Rxa2 45. Rg6 Rxa3 46. Rxh6+ Kg7 47. Rxe6 Rc3 48. b7 Rb3 49. Re7+ Kf6 0-1

[Event "November 21 Late 2023"]
[Site "https://www.chess.com"]
[Date "2023.11.21"]
[Round "9"]
[White "Xu, Yi"]
[Black "Galchenko, Matvey"]
[Result "1-0"]
[Board "12"]
[TimeControl "180+1"]
[WhiteFideId "8605564"]
[BlackFideId "24175480"]
[WhiteElo "2460"]
[BlackElo "2406"]
[WhiteTeam "CHN"]
[BlackTeam "FID"]
[WhiteClock "0:00:08"]
[BlackClock "0:00:11"]

1. e4 e6 2. d4 d5 3. e5 c5 4. c3 Qb6 5. Nf3 Nc6 6. a3 Nh6 7. Bd3 cxd4 8. O-O Bd7 9. b4 Rc8 10. h3 Nf5 11. Bxf5 exf5 12. Nxd4 Nxd4 13. Be3 Be6 14. Bxd4 Qa6 15. a4 Be7 16. Na3 O-O 17. Nb5 b6 18. Nd6 Bxd6 19. exd6 Qb7 20. Qf3 Qd7 21. Qg3 f6 22. a5 b5 23. a6 g5 24. f4 h6 25. Bc5 Kh7 26. Qe3 Rc6 27. Bxa7 Ra8 28. Bd4 Raxa6 29. Rxa6 Rxa6 30. Bxf6 Qxd6 31. fxg5 d4 32. Bxd4 Ra2 33. gxh6 Bd5 34. Rxf5 Rxg2+ 35. Kf1 Rg3 36. Qe5 Bc4+ 37. Kf2 Qxe5 38. Rxe5 Rxh3 39. Be3 Kg6 40. Rg5+ Kf7 41. Rg7+ Kf6 42. Bd4+ Kf5 43. h7 Kf4 44. Re7 Rh2+ 45. Kg1 Rxh7 46. Rxh7 Ke4 47. Rg7 Kd3 48. Rg3+ Kc2 49. Kf2 Kb3 50. Ke3 Ka4 51. Kf4 Kb3 52. Ke5 Kc2 53. Kd6 Bf1 54. Kc5 Bc4 55. Kb6 Kb3 56. Rg5 Ka4 57. Rc5 Bd3 58. Rc8 Be2 59. Ra8+ Kb3 60. Ra5 1-0

[Event "November 21 Late 2023"]
[Site "https://www.chess.com"]
[Date "2023.11.21"]
[Round "9"]
[White "Krysa, Leandro"]
[Black "Ibarra Jerez, Jose Carlos"]
[Result "0-1"]
[Board "13"]
[TimeControl "180+1"]
[WhiteFideId "116807"]
[BlackFideId "2226332"]
[WhiteElo "2495"]
[BlackElo "2634"]
[WhiteTeam "ARG"]
[BlackTeam "ESP"]
[WhiteClock "0:00:01"]
[BlackClock "0:00:17"]

1. e4 c5 2. Nf3 Nc6 3. Bb5 e6 4. O-O Nd4 5. Nxd4 cxd4 6. d3 a6 7. Ba4 b5 8. Bb3 Bd6 9. Nd2 Qb6 10. Nf3 Bb7 11. c3 dxc3 12. bxc3 Ne7 13. Be3 Qc7 14. Qd2 O-O 15. a4 f5 16. e5 Bxe5 17. Nxe5 Qxe5 18. Bf4 Qc5 19. axb5 axb5 20. Be3 Qc6 21. f3 Nd5 22. Bd4 Qd6 23. Rxa8 Bxa8 24. Re1 h6 25. Ra1 Kh7 26. Qe1 Nf4 27. Qe3 Nd5 28. Bc5 Nxe3 29. Bxd6 Rc8 30. Bb4 Bd5 31. Bxd5 Nxd5 32. Ra7 Rc7 33. Ra5 Nxc3 34. Kf2 Kg6 35. Bxc3 Rxc3 36. Ke3 Rc2 37. g3 Rxh2 38. Rxb5 Kf6 39. Rb7 d5 40. d4 Rg2 41. Rb8 Rxg3 42. Kf4 Rg1 43. Rf8+ Ke7 44. Rg8 g5+ 45. Ke3 Rh1 46. Kf2 Rh4 47. Ke3 Rh3 48. Kf2 Kf7 49. Rh8 h5 50. Rd8 g4 51. Rd7+ Kf6 52. f4 Rf3+ 53. Kg2 Rxf4 0-1

[Event "November 21 Late 2023"]
[Site "https://www.chess.com"]
[Date "2023.11.21"]
[Round "9"]
[White "Wagner, Dennis"]
[Black "Zhigalko, Sergei"]
[Result "1-0"]
[Board "14"]
[TimeControl "180+1"]
[WhiteFideId "24650684"]
[BlackFideId "13502956"]
[WhiteElo "2482"]
[BlackElo "2616"]
[WhiteTeam "GER"]
[BlackTeam "BLR"]
[WhiteClock "0:00:02"]
[BlackClock "0:00:00"]

1. e4 c5 2. Nf3 Nc6 3. Bb5 Nf6 4. e5 Nd5 5. Nc3 Nc7 6. Bxc6 dxc6 7. h3 h6 8. O-O Bf5 9. d3 Ne6 10. Re1 g5 11. Ne4 Bg7 12. a4 Qd5 13. Ng3 Bg6 14. b3 O-O-O 15. a5 Rhe8 16. Qe2 f5 17. Bb2 Nf4 18. Qe3 Rf8 19. Nf1 Nxg2 20. Kxg2 g4 21. Nh2 h5 22. c4 gxf3+ 23. Nxf3 Qxd3 24. Qxc5 Bh6 25. a6 Rg8 26. axb7+ Kc7 27. Qa5+ Kd7 28. e6+ Ke8 29. Ne5 Qd2 30. Qxd2 Bh7+ 31. Kh2 Bxd2 32. Rg1 Bf4+ 33. Kh1 Rf8 34. Nd7 1-0

[Event "November 21 Late 2023"]
[Site "https://www.chess.com"]
[Date "2023.11.21"]
[Round "9"]
[White "Sjugirov, Sanan"]
[Black "Annaberdiyev, Meylis"]
[Result "1-0"]
[Board "15"]
[TimeControl "180+1"]
[WhiteFideId "4189302"]
[BlackFideId "14000563"]
[WhiteElo "2569"]
[BlackElo "2405"]
[WhiteTeam "HUN"]
[BlackTeam "TKM"]
[WhiteClock "0:00:07"]
[BlackClock "0:00:00"]

1. d4 Nf6 2. c4 e6 3. Nf3 d5 4. g3 Bb4+ 5. Bd2 Be7 6. Bg2 O-O 7. O-O c6 8. Qc2 Nbd7 9. Bf4 h6 10. Rd1 a5 11. Nbd2 Nh5 12. Be3 f5 13. Nf1 Bd6 14. Bd2 Nhf6 15. Bf4 Bxf4 16. gxf4 Ne4 17. Ng3 g5 18. e3 gxf4 19. exf4 Rf7 20. cxd5 exd5 21. Ne5 Nxe5 22. fxe5 Qh4 23. Qe2 Be6 24. Qh5 Qg5 25. h4 Qg7 26. Qf3 Raf8 27. Nh5 Qg6 28. Nf4 Qh7 29. Nxe6 Re8 30. Nf4 Kh8 31. h5 Qg7 32. Ng6+ Kh7 33. Qf4 Ng5 34. Rd3 Ne6 35. Qh4 f4 36. Kh1 c5 37. Bxd5 Nxd4 38. Bxf7 Qxf7 39. Rg1 Qd5+ 40. f3 c4 41. Rc3 Ne2 42. Nxf4 1-0

[Event "November 21 Late 2023"]
[Site "https://www.chess.com"]
[Date "2023.11.21"]
[Round "9"]
[White "Kovalev, Vladislav"]
[Black "Manukyan, Sargis A."]
[Result "1-0"]
[Board "16"]
[TimeControl "180+1"]
[WhiteFideId "13504398"]
[BlackFideId "13303970"]
[WhiteElo "2539"]
[BlackElo "2204"]
[WhiteTeam "FID"]
[BlackTeam "ARM"]
[WhiteClock "0:00:34"]
[BlackClock "0:00:03"]

1. e4 c5 2. Nf3 d6 3. Bb5+ Bd7 4. Bxd7+ Qxd7 5. c4 e5 6. Nc3 Nc6 7. a3 g6 8. b4 Bg7 9. bxc5 dxc5 10. d3 h6 11. Nd5 Nge7 12. O-O O-O 13. Bxh6 Nxd5 14. cxd5 Bxh6 15. dxc6 Qxc6 16. Nxe5 Qc7 17. Ng4 Bg7 18. Rb1 b6 19. Ne3 Rad8 20. Nd5 Qd7 21. f4 f5 22. a4 Bd4+ 23. Kh1 Kg7 24. Qb3 Rh8 25. a5 Rh5 26. Rf3 Rdh8 27. h3 bxa5 28. Qb7 Rd8 29. Qa6 Qe8 30. Rb7+ Rd7 31. Qc6 Rxb7 32. Qxe8 fxe4 33. dxe4 Rh8 34. Qc6 Rhb8 35. Kh2 Rf7 36. Rg3 Rb1 37. Qxg6+ Kf8 38. Qg8# 1-0

[Event "November 21 Late 2023"]
[Site "https://www.chess.com"]
[Date "2023.11.21"]
[Round "9"]
[White "Schnaider, Ilan"]
[Black "Sarana, Alexey"]
[Result "0-1"]
[Board "17"]
[TimeControl "180+1"]
[WhiteFideId "169013"]
[BlackFideId "24133795"]
[WhiteElo "2373"]
[BlackElo "2707"]
[WhiteTeam "ARG"]
[BlackTeam "SRB"]
[WhiteClock "0:00:01"]
[BlackClock "0:00:54"]

1. e4 e5 2. Nf3 Nc6 3. d4 exd4 4. Nxd4 Nf6 5. Nxc6 bxc6 6. e5 Nd5 7. Qe2 Qe7 8. h4 g6 9. Nd2 Bg7 10. Nf3 d6 11. Bg5 f6 12. exf6 Bxf6 13. O-O-O Qxe2 14. Bxe2 Rf8 15. Bc4 Be6 16. Bxf6 Rxf6 17. Nd4 Kd7 18. Nxe6 Kxe6 19. f3 Rf5 20. Rhe1+ Kd7 21. Re4 Re8 22. Rxd5 Rxd5 23. Bxd5 cxd5 24. Rxe8 Kxe8 25. Kd2 c5 26. Ke3 Ke7 27. c3 Kf6 28. Kf4 h6 29. g3 g5+ 30. hxg5+ hxg5+ 31. Ke3 Kf5 32. a3 a6 33. b3 Ke5 34. f4+ gxf4+ 35. gxf4+ Kf5 36. Kf3 Kf6 37. Ke3 Kg6 38. Ke2 Kh5 39. Kf3 Kh4 40. b4 Kh5 41. Kg3 Kg6 42. Kg4 Kf6 43. Kg3 Ke6 44. Kg4 Ke7 45. Kf3 Kf6 46. Kg4 Kg6 47. Kg3 Kg7 48. Kg4 Kf6 49. Kg3 Kg6 50. Kg4 Kg7 51. Kf5 c4 52. Kg4 d4 53. Kf3 dxc3 54. Ke3 d5 55. f5 Kf6 56. a4 Kxf5 57. b5 axb5 58. a5 d4+ 59. Ke2 d3+ 60. Kd1 b4 61. a6 b3 62. a7 b2 63. a8=Q b1=Q# 0-1

[Event "November 21 Late 2023"]
[Site "https://www.chess.com"]
[Date "2023.11.21"]
[Round "9"]
[White "Khismatullin, Denis"]
[Black "Arabidze, Meri"]
[Result "1-0"]
[Board "18"]
[TimeControl "180+1"]
[WhiteFideId "4142578"]
[BlackFideId "13604040"]
[WhiteElo "2552"]
[BlackElo "2416"]
[WhiteTeam "RUS"]
[BlackTeam "GEO"]
[WhiteClock "0:00:19"]
[BlackClock "0:00:00"]

1. e4 c5 2. Nf3 e6 3. c3 Nf6 4. e5 Nd5 5. Bc4 Nb6 6. Bb3 Nc6 7. O-O d6 8. exd6 Bxd6 9. d4 cxd4 10. cxd4 O-O 11. Nc3 Ne7 12. Ng5 h6 13. Nge4 Nf5 14. Be3 Nd5 15. Qf3 Nxc3 16. bxc3 Bc7 17. Rad1 Qh4 18. g3 Qh3 19. Qg2 Qxg2+ 20. Kxg2 b6 21. Bc1 Bb7 22. f3 Rac8 23. Rfe1 Bb8 24. c4 Rfd8 25. Bb2 a6 26. a4 Nd6 27. Nxd6 Bxd6 28. Rc1 Be7 29. Red1 Bf6 30. Kf2 Rd7 31. Ke3 Rcd8 32. f4 h5 33. Rd2 g6 34. Rcd1 Kg7 35. Ba3 Bc6 36. d5 exd5 37. cxd5 Bb7 38. d6 b5 39. axb5 axb5 40. Bb4 Re8+ 41. Kf2 Re4 42. Ba5 b4 43. Ba4 Bc8 44. Bxd7 Bxd7 45. Re2 Rxe2+ 46. Kxe2 Bg4+ 47. Kd2 Bxd1 48. Kxd1 b3 49. d7 g5 50. Bc3 1-0

[Event "November 21 Late 2023"]
[Site "https://www.chess.com"]
[Date "2023.11.21"]
[Round "9"]
[White "mind1mover"]
[Black "Jakubowski, Krzysztof"]
[Result "0-1"]
[Board "19"]
[TimeControl "180+1"]
[BlackFideId "1112848"]
[WhiteElo "2875"]
[BlackElo "2369"]
[BlackTeam "POL"]
[WhiteClock "0:00:00"]
[BlackClock "0:00:13"]

1. Nf3 Nf6 2. b3 d5 3. Bb2 Bf5 4. c4 e6 5. g3 h6 6. Bg2 Be7 7. O-O O-O 8. d3 Bh7 9. Nbd2 a5 10. a3 c6 11. Ra2 Na6 12. Qa1 b5 13. Rc1 Rc8 14. Ne5 Qb6 15. h3 Rfd8 16. Ndf3 Ne8 17. cxd5 cxd5 18. Bd4 Qb7 19. Rac2 Rxc2 20. Rxc2 Rc8 21. Qc1 Rxc2 22. Qxc2 Bxa3 23. Nc6 Qc7 24. Be5 Bd6 25. Bxd6 Nxd6 26. Nfd4 Bg6 27. Qa2 Nb7 28. f4 Nac5 29. Kh2 f6 30. f5 Be8 31. Na7 Qb6 32. Nc8 Qd8 33. Na7 exf5 34. Naxb5 Kh7 35. Nc3 Bf7 36. Nxf5 Nd6 37. Nd4 Ndb7 38. Ndb5 Qb8 39. Nd4 h5 40. h4 Qe5 41. Ncb5 g5 42. Kg1 Qxg3 43. hxg5 Qxg5 44. Qc2 h4 45. Kf1 Qg3 46. Nf3 h3 47. d4+ Bg6 48. Qxg6+ Kxg6 49. Bxh3 Qxh3+ 50. Kf2 Ne4+ 51. Ke3 Qh6+ 52. Kd3 Qf4 53. Nc3 Nxc3 54. Kxc3 Qe3+ 55. Kb2 Qxe2+ 56. Nd2 Qxd2+ 57. Ka3 Qxd4 58. b4 Qxb4+ 59. Ka2 f5 60. Ka1 f4 61. Ka2 f3 62. Ka1 f2 63. Ka2 d4 64. Ka1 f1=Q+ 0-1